 Dungeon Crawl Stone Soup version 0.29.1-15-g9cfb28693d (webtiles) character file.

Game seed: 11113651138255472720

105 leafyfresh the Sneak (level 4, 0/33 HPs)
             Began as an Octopode Delver on Mar 5, 2023.
             Slain by a quokka (3 damage)
             ... on level 5 of the Dungeon.
             The game lasted 00:00:30 (250 turns).

leafyfresh the Sneak (Octopode Delver)               Turns: 250, Time: 00:00:30

Health: 0/33       AC:  1    Str: 11    XL:     4   Next: 81%
Magic:  4/4        EV: 14    Int: 14    God:
Gold:   11         SH:  0    Dex: 13    Spells: 3/3 levels left

rFire   . . .      SeeInvis .   a - +0 short sword
rCold   . . .      Faith    .   (no shield)
rNeg    . . .      Spirit   .   (helmet restricted)
rPois   .          Reflect  .   (no amulet)
rElec   .          Harm     .   (no ring)
rCorr   .          Rampage  .   (no ring)
Will    .....                   (no ring)
Stlth   +++++.....              (no ring)
HPRegen 0.11/turn               (no ring)
MPRegen 0.09/turn               (no ring)
                                (no ring)
                                (no ring)

@: no status effects
A: almost no armour, amphibious, 8 rings, camouflage 1, gelatinous body 1,
(nimble swimmer 1), tentacles
a: no special abilities


You were on level 5 of the Dungeon.
You visited 1 branch of the dungeon, and saw 1 of its levels.

You collected 11 gold pieces.

Inventory:

Hand Weapons
 a - a +0 short sword (weapon)
Magical Staves
 g - a staff of death
Wands
 f - a wand of digging (3)
Scrolls
 b - a scroll of fog
 c - a scroll of magic mapping
 d - a scroll of fear
Potions
 e - 2 potions of haste
 h - a potion of mutation {unknown}


   Skills:
 + Level 3.9 Fighting
 - Level 2.0 Short Blades
 + Level 3.2 Dodging
 + Level 7.6 Stealth


You had 3 spell levels left.
You didn't know any spells.
Your spell library contained the following spells:

 Spells                   Type           Power      Damage    Failure   Level
 Ensorcelled Hibernation  Hex/Ice        0%         N/A       41%         2
 Passwall                 Tmut/Erth      0%         N/A       41%         2
 Swiftness                Air            0%         N/A       65%         3


Dungeon Overview and Level Annotations

Branches:
Dungeon (5/15)
 Temple: D:4-7

Altars:
Xom


Innate Abilities, Weirdness & Mutations

You cannot wear most types of armour.
You are amphibious.
You can wear up to eight rings at the same time.
Your skin changes colour to match your surroundings (Stealth+).
Your rubbery body absorbs attacks. (AC +1, EV +1)
((You are camouflaged when in or above water. (Stealth+)))
You have tentacles for arms and can constrict up to eight enemies at once.


Message History

The puff of frost hits you!
Unknown command.
You hit the white imp.
You kill the white imp!
The hound barely misses you. x2
Your Dodging skill increases to level 3!
Unknown command.
You hit the hound but do no damage. Your grab misses the hound.
The quokka barely misses you. The hound bites you.
You hit the hound. Your grab misses the hound.
The hound is lightly wounded.
The hound barely misses you. The quokka barely misses you. The hound bites you.
You closely miss the hound. You grab the hound.
The hound is lightly wounded.
You constrict the hound. The quokka barely misses you.
The hound barely misses you. The quokka closely misses you.
You barely miss the hound.
The hound is lightly wounded.
You constrict the hound. The hound bites you. The quokka bites you.
* * * LOW HITPOINT WARNING * * *
The hound pauses to sniff the ground.
The hound barely misses you.
You hit the hound. You squeeze the hound.
The hound is heavily wounded.
You constrict the hound, but do no damage.
The hound bites you.
* * * LOW HITPOINT WARNING * * *
The quokka closely misses you.
You hit the hound.
The hound is almost dead.
You constrict the hound. The hound closely misses you. The quokka bites you.
* * * LOW HITPOINT WARNING * * *
The hound barely misses you.
You hit the hound but do no damage. You tentacle-slap the hound.
You kill the hound!
The quokka completely misses you.
Found a stone staircase leading up.
The quokka twitches its whiskers.
The quokka bites you.
You die...

#...#.# ..<#. #.#.#.# ..
. #.#.#.### ####. .
#.#.....# ....#.##
##.##....# #.#.#.##
#........## >.....#
#........#. ####.#.#r##
#........#.
#......@..####........#.
#.##.#.#.##...........#.
#............###....#.
##.#.#.##....# #....#.
#.#######....###....#.
#. #........#.##. .
...........##. .
♣..............
.#(######'''###


You could see a quokka.

Vanquished Creatures
  A necrophage (D:5)
  A hound (D:5)
  An adder (D:5)
  A white imp (D:5)
4 creatures vanquished.

Vanquished Creatures (others)
  11 plants (D:5)
11 creatures vanquished.

Grand Total: 15 creatures vanquished

Notes
Turn   | Place    | Note
-------+----------+-------------------------------------------
     0 | D:5      | leafyfresh the Octopode Delver began the quest for the Orb.
     0 | D:5      | Reached XP level 1. HP: 16/16 MP: 1/1
    95 | D:5      | Found a shimmering altar of Xom.
   113 | D:5      | Noticed a necrophage
   120 | D:5      | Reached XP level 2. HP: 21/21 MP: 2/2
   130 | D:5      | Killed a necrophage
   131 | D:5      | Reached skill level 7 in Stealth
   131 | D:5      | Reached XP level 3. HP: 20/27 MP: 3/3
   131 | D:5      | Reached XP level 4. HP: 24/33 MP: 4/4
   250 | D:5      | Slain by a quokka

Illustrated notes

Levels and vault maps discovered:
D:5:      layout_basic, mainiacjoe_overflow_big_doors, serial_bayou,
          serial_bayou_pond_d, serial_bayou_pond_e, serial_bayou_lagoon_b,
          serial_bayou_pond_a, serial_bayou_crossing, st_stairs_8,
          minmay_stone_trees_small

Skill      XL: |  1  2  3  4 |
---------------+-------------+-----
Stealth        | 7 |  7.6
Dodging        | 3 |  3.2
Fighting       | |  3.9
Short Blades   | |  2.0

Action                   |  1- 3 |  4- 6 || total
-------------------------+-------+-------++-------
Melee: Short sword       |     5 |    14 ||    19
       Constrict         |     1 |     2 ||     3
       Punch             |       |     1 ||     1
       Tentacles         |       |     1 ||     1
 Stab: Sleeping          |     2 |       ||     2
Dodge: Dodged            |     2 |    20 ||    22
